 Dungeon Crawl Stone Soup version 0.30.1-3-gfc49f6343a (webtiles) character file.

Game seed: 10010667567564656750

2025 monsoonserge the Skirmisher (level 9, -4/54 HPs)
             Began as a Kobold Hunter on July 20, 2023.
             Slain by a gnoll sergeant
             ... wielding a +3 spear of venom
              (9 damage)
             ... on level 6 of the Dungeon.
             The game lasted 00:17:21 (5923 turns).

monsoonserge the Skirmisher (Kobold Hunter)         Turns: 5923, Time: 00:17:21

Health: -4/54      AC:  6    Str:  9    XL:     9   Next: 47%
Magic:  9/9        EV: 16    Int: 10    God:
Gold:   170        SH:  0    Dex: 22    Spells: 8/8 levels left

rFire   . . .        a - +0 shortbow
rCold   + . .        (shield currently unavailable)
rNeg    . . .        y - +2 leather armour {rC+}
rPois   .            (no helmet)
rElec   .            (no cloak)
rCorr   .            p - +0 pair of gloves
SInv    .            (no boots)
Will    .....        (no amulet)
Stlth   ++++         t - ring of flight
HPRegen 0.29/turn    s - +4 ring of slaying
MPRegen 0.11/turn

%: no passive effects
@: lethally poisoned (-4 -> -7), flying
A: small, no large weapons, nightstalker 3
a: no special abilities


You were on level 6 of the Dungeon.
You visited 2 branches of the dungeon, and saw 8 of its levels.

You collected 170 gold pieces.

Inventory:

Hand Weapons
 a - a +0 shortbow (weapon)
 b - a +2 dagger of speed
Missiles
 f - 8 poisoned darts
Armour
 p - a +0 pair of gloves (worn)
 y - a +2 leather armour of cold resistance (worn)
Jewellery
 q - a +6 ring of strength
 s - a +4 ring of slaying (right hand)
 t - a ring of flight (left hand)
 u - a ring of ice
 C - a ring of fire
Wands
 c - a wand of roots (5)
 x - a wand of paralysis (10)
Scrolls
 d - 2 scrolls of fear {unknown}
 e - 8 scrolls of teleportation {unknown}
 h - 2 scrolls of magic mapping {unknown}
 j - 2 scrolls of fog {unknown}
 k - 8 scrolls of identify {unknown}
 l - 2 scrolls of immolation
 n - a scroll of vulnerability {unknown}
 o - 2 scrolls of enchant weapon {unknown}
 r - a scroll of silence {unknown}
 w - 2 scrolls of noise {unknown}
Potions
 g - 2 potions of lignification {unknown}
 i - a potion of invisibility
 m - 3 potions of curing
 v - a potion of attraction {unknown}
 z - a potion of degeneration {unknown}
 A - a potion of flight {unknown}
 B - a potion of might {unknown}


   Skills:
 + Level 5.6 Fighting
 + Level 2.9 Short Blades
 + Level 12.3 Ranged Weapons
 + Level 2.8 Armour
 + Level 4.3 Dodging
 + Level 4.7 Stealth
 + Level 1.3 Evocations


You had 8 spell levels left.
You didn't know any spells.
Your spell library contained the following spells:

 Spells                   Type           Power      Damage    Failure   Level
 Beastly Appendage        Tmut           0%         N/A       45%         1
 Magic Dart               Conj           0%         1d3       45%         1
 Searing Ray              Conj           0%         2d4       61%         2
 Sublimation of Blood     Necr           0%         N/A       61%         2
 Wereblood                Tmut           0%         N/A       61%         2
 Ignite Poison            Fire/Tmut/Pois 0%         N/A       83%         3
 Spider Form              Tmut/Pois      0%         N/A       83%         3
 Anguish                  Hex/Necr       0%         N/A       99%         4
 Cause Fear               Hex            0%         N/A       99%         4
 Fulminant Prism          Conj/Hex       0%         3d5       99%         4
 Sticky Flame             Conj/Fire      0%         2d3       99%         4
 Enfeeble                 Hex            0%         N/A       100%        7
 Summon Hydra             Summ           0%         N/A       100%        7
 Ignition                 Fire           0%         3d3       100%        8


Dungeon Overview and Level Annotations

Branches:
Dungeon (7/15)             Temple (1/1) D:6

Altars:
Ashenzari
Cheibriados
Dithmenos
Elyvilon
Fedhas
Gozag
Hepliaklqana
Kikubaaqudgha
Makhleb
Nemelex Xobeh
Qazlal
Uskayaw
Wu Jian
Xom
Yredelemnul
Zin
The Shining One

Annotations:
D:6 Grinder, Sigmund


Innate Abilities, Weirdness & Mutations

You are small and have problems with some larger weapons.
You are completely attuned to the shadows.


Message History

* * * LOW HITPOINT WARNING * * *
You feel very sick. The gnoll sergeant barely misses you.
You are too injured to fight recklessly!
It was a potion of curing.
You feel better.
The gnoll sergeant hits you from afar with a +3 spear of venom.
* * * LOW HITPOINT WARNING * * *
You are poisoned.
Fire: a) +0 shortbow
Press: ? - help, Q - select action, (/) - cycle Shift-Dir - straight line, f/p - gnoll sergeant
Aim: a gnoll sergeant, wielding a +3 spear of venom and wearing a +0 ring mail (severely wounded, haloed, 90% to hit)
You shoot an arrow.
The arrow completely misses the gnoll sergeant.
You feel sick.
The gnoll sergeant hits you from afar with a +3 spear of venom.
* * * LOW HITPOINT WARNING * * *
You are lethally poisoned!
Okay, then.
Fire: a) +0 shortbow
Press: ? - help, Q - select action, (/) - cycle Shift-Dir - straight line, p - gnoll sergeant You shoot an arrow.
The arrow hits the gnoll sergeant but does no damage.
The gnoll sergeant is severely wounded.
* * * LOW HITPOINT WARNING * * *
You feel very sick. The gnoll sergeant closely misses you.
You are too injured to fight recklessly!
You feel better.
The gnoll sergeant hits you from afar with a +3 spear of venom!
* * * LOW HITPOINT WARNING * * *
You are poisoned.
Fire: a) +0 shortbow
Press: ? - help, Q - select action, (/) - cycle Shift-Dir - straight line, f - gnoll sergeant
Aim: a gnoll sergeant, wielding a +3 spear of venom and wearing a +0 ring mail (severely wounded, haloed, 90% to hit)
You shoot an arrow. The arrow hits the gnoll!
You kill the gnoll!
* * * LOW HITPOINT WARNING * * *
You feel sick.
The gnoll sergeant hits you from afar with a +3 spear of venom!
You die...

### ##8# ####.># ####
#....8# ### #@.##
..(..## #.## ##)..#
....######..###.g..#
....###......##...##
#.##.#............####
#.#....#...........#.#
..##...#.............###
...#..##..........###..#
......#...............##


You could see a gnoll sergeant.

Vanquished Creatures
  A wyvern (D:7)
  A water moccasin (D:7)
  Duvessa (D:6)
  A black bear (D:6)
  2 ogres
  A centaur (D:7)
  2 phantoms
  A kobold brigand (D:6)
  A gnoll sergeant (D:7)
  4 scorpions
  Dowan (D:6)
  A jelly (D:6)
  5 hounds
  An orc priest (D:5)
  3 iguanas
  5 orc wizards
  23 gnolls
  3 adders (D:5)
  2 white imps
  An ufetubus (D:4)
  9 worms
  A dart slug (D:3)
  15 orcs
  4 bats
  5 endoplasms
  6 giant cockroaches
  3 goblins
  6 hobgoblins
  2 quokkas
  5 ball pythons
  3 frilled lizards
  6 kobolds
125 creatures vanquished.

Notes
Turn   | Place    | Note
-------+----------+-------------------------------------------
     0 | D:1      | monsoonserge the Kobold Hunter began the quest for the Orb.
     0 | D:1      | Reached XP level 1. HP: 12/12 MP: 1/1
   320 | D:1      | Reached XP level 2. HP: 18/18 MP: 2/2
   656 | D:2      | Reached skill level 6 in Ranged Weapons
   699 | D:2      | Reached XP level 3. HP: 22/22 MP: 3/3
  1308 | D:3      | Reached XP level 4. HP: 27/27 MP: 4/4
  1628 | D:3      | Found a glowing golden altar of the Shining One.
  1937 | D:3      | Reached skill level 7 in Ranged Weapons
  1937 | D:3      | Reached XP level 5. HP: 31/31 MP: 5/5
  1976 | D:3      | You are sucked into a shaft and drop 3 floors!
  1978 | D:6      | Noticed a water moccasin
  2012 | D:6      | Noticed a kobold brigand
  2036 | D:6      | Killed a kobold brigand
  2037 | D:6      | Reached skill level 1 in Armour
  2048 | D:6      | Noticed Grinder
  2071 | D:5      | Entered Level 5 of the Dungeon
  2075 | D:5      | Reached XP level 6. HP: 27/36 MP: 6/6
  2200 | D:5      | Reached skill level 8 in Ranged Weapons
  2256 | D:5      | Noticed an ogre
  2407 | D:4      | Noticed an ogre
  2811 | D:4      | Reached skill level 1 in Short Blades
  2915 | D:5      | Reached XP level 7. HP: 36/41 MP: 7/7
  3014 | D:5      | Reached skill level 9 in Ranged Weapons
  3378 | D:4      | Reached skill level 10 in Ranged Weapons
  3378 | D:4      | Reached XP level 8. HP: 40/48 MP: 8/8
  3965 | D:5      | Found an opulent altar of Gozag.
  3965 | D:5      | Found a broken altar of Ashenzari.
  4518 | D:6      | Paralysed by Grinder for 3 turns
  4528 | D:6      | Reached skill level 11 in Ranged Weapons
  4637 | D:7      | Noticed a wyvern
  4644 | D:7      | Killed a wyvern
  4823 | D:7      | Reached XP level 9. HP: 53/53 MP: 9/9
  4978 | D:7      | Reached skill level 5 in Fighting
  4979 | D:7      | Reached skill level 1 in Evocations
  5347 | D:6      | Reached skill level 12 in Ranged Weapons
  5385 | D:6      | Noticed Dowan
  5386 | D:6      | Noticed Duvessa
  5393 | D:6      | Killed Dowan
  5394 | D:6      | Noticed Sigmund
  5399 | D:6      | Killed Duvessa
  5668 | D:6      | Found a staircase to the Ecumenical Temple.
  5674 | Temple   | Entered the Ecumenical Temple
  5923 | D:6      | Slain by a gnoll sergeant

Illustrated notes

Levels and vault maps discovered:
D:1:      onia_arrival_mini_spirals, layout_basic
D:2:      layout_basic
D:3:      layout_loops_ring, tso_altar, serial_park_tiny_1
D:4:      layout_basic
D:5:      layout_loops_ring, gammafunk_temple_overflow_pools,
          hangedman_minor_gate_pass
D:6:      layout_cave_pools, temple_statues, minmay_manual_monolith,
          uniq_sigmund, uniq_duvessa, uniq_grinder
D:7:      layout_cave_pods, uniq_maggie
Temple:   compressed_dpeg_circular_temple

Skill      XL: |  1  2  3  4  5  6  7  8  9 |
---------------+----------------------------+-----
Ranged Weapons | 6 7 8 10 11 12 | 12.3
Stealth        | 2 3 4 |  4.7
Armour         | 1 2 |  2.8
Fighting       | 3 4 5 |  5.6
Short Blades   | 1 2 |  2.9
Dodging        | 3 4 |  4.3
Evocations     | 1 |  1.3

Action                     |  1- 3 |  4- 6 |  7- 9 || total
---------------------------+-------+-------+-------++-------
  Melee: Dagger            |     3 |     4 |    41 ||    48
         Short sword       |       |    11 |    18 ||    29
   Fire: Shortbow          |    74 |    92 |   174 ||   340
  Evoke: Wand              |       |       |     7 ||     7
    Use: Potion            |       |     1 |     2 ||     3
   Stab: Sleeping          |     1 |       |       ||     1
         Invisible         |       |     2 |       ||     2
         Paralysed         |       |       |     4 ||     4
 Armour: Leather armour    |     7 |     9 |    32 ||    48
  Dodge: Dodged            |     6 |    27 |   122 ||   155
